 Dungeon Crawl Stone Soup version 0.29-a0-283-ga02f740833 (webtiles) character file.

Game seed: 2329124519701412194

321966 enile the Warrior (level 21, -2/158 HPs)
             Began as a Tengu Wanderer on Mar 13, 2022.
             Was a High Priest of Wu Jian.
             Slain by a +4 glaive of holy wrath (13 damage)
             ... animated by Zenata
             ... on level 2 of the Vaults on Mar 14, 2022.
             The game lasted 03:03:04 (85901 turns).

enile the Warrior (Tengu Wanderer)                 Turns: 85901, Time: 03:03:05

Health: -2/158     AC: 29    Str: 20    XL:     21   Next: 54%
Magic:  23/23      EV: 23    Int: 15    God:    Wu Jian [*****.]
Gold:   621        SH: 21    Dex: 41    Spells: 22/22 levels left

rFire   . . .      SeeInvis +   h - +8 scimitar of Rupri Tis {freeze, rPois rC+ Dex+3}
rCold   + + .      Faith    .   l - +2 kite shield "Bietox" {rN+ Dex+8 SInv}
rNeg    + + +      Spirit   .   a - +2 crystal plate armour
rPois   +          Reflect  .   (helmet restricted)
rElec   +          Harm     .   (no cloak)
rCorr   .          Rampage  .   f - +2 pair of gloves {Dex+3}
Will    ++...                   (boots unavailable)
Stlth   ..........              O - amulet of the acrobat
HPRegen 0.36/turn               j - ring "Xisk" {rN++ Str+6 Int+4}
MPRegen 0.18/turn               D - ring of the Leaf {rElec rC+ Slay+4}

@: exhausted, in a heavenly storm, flying quickly and evasively, hasted,
glowing, studying Bows, invisible (but backlit and visible), very quick
A: beak, talons 3, nimble flight, antennae 1, agile 1, strong-willed 1, robust
1, screaming 1, electricity resistance
}: 2/15 runes: serpentine, barnacled
a: Renounce Religion, Wall Jump, Serpent's Lash, Heavenly Storm


You were on level 2 of the Vaults.
You worshipped Wu Jian.
Wu Jian was extremely pleased with you.
You visited 9 branches of the dungeon, and saw 38 of its levels.
You also visited: Trove, Sewer and Ossuary.

You collected 4621 gold pieces.
You spent 4000 gold pieces at shops.

Inventory:

Hand Weapons
 h - the +8 scimitar of Rupri Tis (weapon) {freeze, rPois rC+ Dex+3}
   (You found it in a treasure trove)

   It freezes those it strikes, dealing additional cold damage.
   It can also slow down cold-blooded creatures.
   Dex:       It affects your dexterity (+3).
   rC:        It protects you from cold.
   rPois:     It protects you from poison.
 u - a +2 scimitar of holy wrath
 N - the +3 war axe "Hoisual" {venom, rPois Will+++ Str+3 Dex-2}
   (You found it on level 2 of the Lair of Beasts)

   It poisons the flesh of those it strikes.
   Str:       It affects your strength (+3).
   Dex:       It affects your dexterity (-2).
   rPois:     It protects you from poison.
   Will:      It greatly increases your willpower.
 X - the +9 shortbow of the Hall of Blades {flame, rN+++ Str-2 Dex+5}
   (You found it on level 3 of the Elven Halls)

   Any ammunition fired from it burns those it strikes, dealing additional fire
   damage.
   Str:       It affects your strength (-2).
   Dex:       It affects your dexterity (+5).
   rN:        It renders you almost immune to negative energy.
Armour
 a - a +2 crystal plate armour (worn)
 f - a +2 pair of gloves of dexterity (worn)
 l - the +2 kite shield "Bietox" (worn) {rN+ Dex+8 SInv}
   (You acquired it on level 3 of the Snake Pit)

   Dex:       It affects your dexterity (+8).
   rN:        It protects you from negative energy.
   SInv:      It lets you see invisible.
 x - a +2 tower shield of fire resistance
 S - a +0 tower shield of reflection
Jewellery
 d - the ring of Jurues Efin {*Slow rElec rPois rF++}
   (You found it in a treasure trove)

   [ring of poison resistance]

   rF:        It greatly protects you from fire.
   rElec:     It insulates you from electricity.
   rPois:     It protects you from poison.
   *Slow:     It may slow you when you take damage.
 j - the ring "Xisk" (left hand) {rN++ Str+6 Int+4}
   (You found it in a treasure trove)

   [ring of strength]

   Str:       It affects your strength (+6).
   Int:       It affects your intelligence (+4).
   rN:        It greatly protects you from negative energy.
 m - the ring "Xugo" {Contam rN+ Str+2 Dex+2 Slay+3}
   (You found it in a treasure trove)

   [ring of positive energy]

   Str:       It affects your strength (+2).
   Dex:       It affects your dexterity (+2).
   Slay:      It affects your accuracy & damage with ranged weapons and melee
   (+3).
   rN:        It protects you from negative energy.
   Contam:    It causes magical contamination when unequipped.
 p - the ring of the Death Scarab {Contam rElec rC+++ MP+9}
   (You found it in a treasure trove)

   [ring of magical power]

   rC:        It renders you almost immune to cold.
   rElec:     It insulates you from electricity.
   MP:        It affects your magic capacity (+9).
   Contam:    It causes magical contamination when unequipped.
 D - the ring of the Leaf (right hand) {rElec rC+ Slay+4}
   (You found it in a treasure trove)

   [ring of protection from cold]

   Slay:      It affects your accuracy & damage with ranged weapons and melee
   (+4).
   rC:        It protects you from cold.
   rElec:     It insulates you from electricity.
 G - a ring of resist corrosion
 L - a +6 ring of strength
 M - a ring of protection from cold
 O - an amulet of the acrobat (around neck)
Wands
 c - a wand of flame (47)
 z - a wand of paralysis (27)
 A - a wand of iceblast (13)
 I - a wand of charming (5)
 K - a wand of polymorph (8)
 Z - a wand of digging (11)
Scrolls
 e - 5 scrolls of magic mapping
 n - 5 scrolls of amnesia
 r - 8 scrolls of vulnerability
 w - 2 scrolls of immolation
 y - 3 scrolls of fear (quivered)
 B - 34 scrolls of identify
 J - a scroll of brand weapon
 T - 10 scrolls of teleportation
Potions
 i - a potion of berserk rage
 o - a potion of haste
 s - 10 potions of curing
 C - 7 potions of brilliance
 E - 4 potions of ambrosia
 F - 4 potions of magic
 H - 9 potions of attraction
 P - 2 potions of mutation
 R - 3 potions of lignification
 V - a potion of heal wounds
 Y - 6 potions of might
Miscellaneous
 b - a box of beasts (inert)
 k - a condenser vane (inert)
 t - a condenser vane (inert)
 Q - a lightning rod (2/4)
 W - a tin of tremorstones (inert)


   Skills:
 - Level 19.0 Fighting
 - Level 14.0 Long Blades
 - Level 14.7(14.9) Axes
 - Level 3.4(10.2) Polearms
 - Level 3.0 Throwing
 - Level 16.0 Armour
 - Level 13.0 Dodging
 - Level 8.0 Stealth
 + Level 15.7 Shields
 - Level 1.0 Unarmed Combat
 - Level 1.0 Spellcasting
 - Level 14.0 Evocations


You had 22 spell levels left.
You didn't know any spells.
Your spell library contained the following spells:

 Spells                   Type           Power      Damage    Failure   Level
 Animate Skeleton         Necr           0%         N/A       100%        1
 Apportation              Tloc           0%         N/A       100%        1
 Beastly Appendage        Tmut           0%         N/A       100%        1
 Foxfire                  Conj/Fire      0%         2x1d4     100%        1
 Shock                    Conj/Air       0%         1d3       100%        1
 Slow                     Hex            0%         N/A       100%        1
 Sting                    Tmut/Pois      0%         1d3       100%        1
 Summon Small Mammal      Summ           0%         N/A       100%        1
 Blink                    Tloc           0%         N/A       100%        2
 Corpse Rot               Necr/Air       0%         N/A       100%        2
 Ensorcelled Hibernation  Hex/Ice        0%         N/A       100%        2
 Passwall                 Tmut/Erth      0%         N/A       100%        2
 Poisonous Vapours        Pois/Air       0%         N/A       100%        2
 Wereblood                Tmut           0%         N/A       100%        2
 Call Canine Familiar     Summ           0%         N/A       100%        3
 Conjure Flame            Conj/Fire      0%         6-21      100%        3
 Dazzling Flash           Conj/Hex       0%         N/A       100%        3
 Gell's Gravitas          Tloc           0%         N/A       100%        3
 Ignite Poison            Fire/Tmut/Pois 0%         N/A       100%        3
 Inner Flame              Hex/Fire       0%         N/A       100%        3
 Lesser Beckoning         Tloc           0%         N/A       100%        3
 Mephitic Cloud           Conj/Pois/Air  0%         N/A       100%        3
 Portal Projectile        Hex/Tloc       0%         N/A       100%        3
 Spider Form              Tmut/Pois      0%         N/A       100%        3
 Summon Guardian Golem    Hex/Summ       0%         N/A       100%        3
 Swiftness                Air            0%         N/A       100%        3
 Teleport Other           Tloc           0%         N/A       100%        3
 Airstrike                Air            0%         N/A       100%        4
 Anguish                  Hex/Necr       0%         N/A       100%        4
 Animate Dead             Necr           0%         N/A       100%        4
 Cause Fear               Hex            0%         N/A       100%        4
 Fulminant Prism          Conj/Hex       0%         3d6       100%        4
 Hailstorm                Conj/Ice       0%         3d3       100%        4
 Ice Form                 Ice/Tmut       0%         N/A       100%        4
 Iskenderun's Mystic Bla  Conj/Tloc      0%         2d3       100%        4
 Leda's Liquefaction      Hex/Erth       0%         N/A       100%        4
 Olgreb's Toxic Radiance  Pois           0%         N/A       100%        4
 Petrify                  Tmut/Erth      0%         N/A       100%        4
 Summon Lightning Spire   Summ/Air       0%         N/A       100%        4
 Agony                    Necr           0%         N/A       100%        5
 Alistair's Intoxication  Tmut/Pois      0%         N/A       100%        5
 Borgnjor's Vile Clutch   Necr/Erth      0%         N/A       100%        5
 Fireball                 Conj/Fire      0%         3d3       100%        5
 Freezing Cloud           Conj/Ice/Air   0%         6-21      100%        5
 Iskenderun's Battlesphe  Conj           0%         2d6       100%        5
 Manifold Assault         Tloc           0%         N/A       100%        5
 Metabolic Englaciation   Hex/Ice        0%         N/A       100%        5
 Silence                  Hex/Air        0%         N/A       100%        5
 Summon Forest            Summ/Tloc      0%         N/A       100%        5
 Summon Mana Viper        Hex/Summ       0%         N/A       100%        5
 Yara's Violent Unravell  Hex/Tmut       0%         3d3       100%        5
 Death Channel            Necr           0%         N/A       100%        6
 Dispersal                Tloc           0%         N/A       100%        6
 Eringya's Noxious Bog    Tmut/Pois      0%         N/A       100%        6
 Iron Shot                Conj/Erth      0%         9d1       100%        6
 Simulacrum               Ice/Necr       0%         N/A       100%        6
 Starburst                Conj/Fire      0%         6d3       100%        6
 Statue Form              Tmut/Erth      0%         N/A       100%        6
 Summon Cactus Giant      Summ           0%         N/A       100%        6
 Dragon Form              Tmut           0%         N/A       100%        7
 Orb of Destruction       Conj           0%         9d5       100%        7
 Spellforged Servitor     Conj/Summ      0%         N/A       100%        7
 Storm Form               Tmut/Air       0%         N/A       100%        7
 Discord                  Hex            0%         N/A       100%        8
 Maxwell's Capacitive Co  Air            0%         ∞         100%        8
 Chain Lightning          Conj/Air       0%         N/A       100%        9
 Dragon's Call            Summ           0%         N/A       100%        9
 Fire Storm               Conj/Fire      0%         5d1       100%        9
 Shatter                  Erth           0%         3d5*      100%        9


Dungeon Overview and Level Annotations

Branches:
Dungeon (15/15)            Temple (1/1) D:5            Lair (6/6) D:8
 Shoals (4/4) Lair:2        Snake (4/4) Lair:3        Slime (0/5) Lair:6
    Orc (2/2) D:10            Elf (3/3) Orc:2        Vaults (2/5) D:13
 Depths (1/4) D:15          Sewer (visited)         Ossuary (visited)
  Crypt: Vaults:2-3

Altars:
Ashenzari
Cheibriados
Dithmenos
Elyvilon
Fedhas
Gozag
Hepliaklqana
Kikubaaqudgha
Makhleb
Nemelex Xobeh
Okawaru
Qazlal
Ru
Sif Muna
Trog
Uskayaw
Vehumet
Wu Jian
Xom
Yredelemnul
Zin
The Shining One
Beogh

Shops:
D:8 :   D:10 :   Orc:2 [=(*   Elf:1 [   Snake:2 ==:   Snake:3 *=(**[[

Annotations:
D:4 Ijyb
D:6 exclusions: centaur and 1 more exclusion
Shoals:3 3 runed translucent doors, Gal Jyir's ghost, veteran DjCj; dolemite99's ghost, adept HOFi; enile's ghost, adept MfIE
Shoals:4 2 runed translucent doors, GraveyardiganJr's ghost, adept TrCK
Snake:1 2 transporters, Frances; Pairof's ghost, adept MiFi
Snake:3 1 runed translucent door, Zonian's ghost, adept DsIE
Vaults:1 Saint Roka
Vaults:2 Zenata


Innate Abilities, Weirdness & Mutations

You have a beak for a mouth.
You have claws for feet.
Your magical nature lets you fly swiftly and evasively.
You have a pair of small antennae on your head.
You are agile. (Dex +2)
You are strong-willed. (Will+)
You are robust. (+10% HP)
You occasionally shout uncontrollably at your foes.
You are resistant to electric shocks. (rElec)


Message History

Press: ? - help, v - describe, . - travel
Here: a +4 halberd of protection (sparse dust, summoned, fast)
The floor.
Press: ? - help, v - describe, . - travel, g - get item
Here: Zenata, wielding a +3 eveningstar of protection and wearing a +2 leather armour of willpower (flame, almost dead)
Items here: a +0 battleaxe; a +0 chain mail.
The floor, spattered with blood.
You fade into invisibility!
The +4 halberd of protection closely misses you.
The +4 halberd of protection hits you but does no damage.
Zenata is engulfed in blazing flames.
The air is filled with shimmering golden clouds!
Sifu Xiang Ba says: The storm will not cease as long as you keep fighting, disciple!
The +4 halberd of protection hits you.
* * * LOW HITPOINT WARNING * * *
You block the +4 halberd of protection's attack.
You spin and attack the +4 halberd of protection.
You hit the +4 halberd of protection.
The +4 halberd of protection is lightly damaged.
You block the +4 halberd of protection's attack. x2
You spin and attack the +4 halberd of protection.
You hit the +4 halberd of protection.
Your kick misses the +4 halberd of protection.
You peck the +4 halberd of protection.
The +4 halberd of protection is moderately damaged.
You block the +4 halberd of protection's attack.
Zenata gestures, and weapons take to the air!
You block the +4 halberd of protection's attack.
You block the +0 long sword of flaming's attack.
Okay, then.
Unknown command.
Unknown command.
Okay, then.
You feel yourself speed up.
You block the +0 long sword of flaming's attack.
The +4 halberd of protection hits you!
* * * LOW HITPOINT WARNING * * *
The +6 vampiric long sword closely misses you.
The +4 glaive of holy wrath hits you!
You die...

##### #...##
###########
####.##
#.........#
##☼###.........#
##§§§##.........#
##§(@(§+.........#
#§((((##.........#
##§§a###....)....#
##.## ###########
##)#### ##.()#
###p# #)))...#
#.p....#


You could see Zenata and 6 dancing weapons.

Vanquished Creatures
  Rupert (D:13)
  Jorgrun (D:13)
  Asterion (Elf:3)
  A deep elf blademaster (Elf:3)
  A deep elf master archer (Elf:3)
  A sphinx (Depths:1)
  A kraken (Shoals:3)
  A shadow dragon (Vaults:2)
  Donald (Snake:3)
  Ilsuiw (Shoals:2)
  A nagaraja (Snake:3)
  3 frost giants
  10 deep elf sorcerers
  2 orc warlords
  3 vault wardens
  5 deep elf elementalists (Elf:3)
  Aizul (Snake:1)
  A reaper (Depths:1)
  4 ironbound thunderhulks
  2 ironbound preservers
  7 very ugly things
  2 stone giants (Depths:1)
  5 deep elf demonologists (Elf:3)
  7 dire elephants
  A spark wasp (Lair:4)
  6 deep elf annihilators
  8 merfolk impalers
  A fire dragon (Lair:6)
  2 spectral krakens (Shoals:4)
  5 deep elf death magi
  4 ettins (Depths:1)
  2 merfolk javelineers
  3 great orbs of eyes
  8 deep elf high priests
  2 ice dragons
  12 vault guards
  4 salamander tyrants
  3 yaktaur captains
  An ice dragon (shapeshifter) (Elf:3)
  3 boulder beetles
  10 anacondas
  Erolcha (D:10)
  3 rakshasas
  2 merfolk aquamancers (Shoals:4)
  11 naga warriors
  A catoblepas (Lair:5)
  2 ghost crabs (Shoals:4)
  2 hydras
  3 alligator snapping turtles
  2 centaur warriors
  2 merfolk avatars
  7 two-headed ogres
  A radroach (shapeshifter) (D:13)
  An ironbound frostheart (Vaults:1)
  A satyr (Shoals:4)
  31 dancing weapons
  3 deep troll earth magi
  16 death yaks
  2 orc high priests
  2 vampire magi (Depths:1)
  3 deep troll shamans
  2 spriggans (Lair:3)
  6 naga sharpshooters
  The ghost of Asuyte the Slicer, a journeyman VSVM of Cheibriados (Lair:3)
  7 shock serpents
  23 deep elf knights
  Amaemon (D:11)
  4 salamander mystics
  21 sea snakes
  A glowing orange brain (Depths:1)
  Lodul (D:11)
  4 naga ritualists
  8 lindwurms
  7 deep trolls
  6 orc knights
  3 ironbound convokers
  A wizard (Vaults:2)
  3 necromancers (Depths:1)
  A phantasmal warrior (Vaults:1)
  20 deep elf archers
  10 harpies
  5 orc sorcerers
  11 mana vipers
  30 deep elf pyromancers
  14 ugly things
  2 wolf spiders
  An oklob plant (Lair:6)
  23 deep elf zephyrmancers
  6 cyclopes
  15 salamanders
  A stone giant zombie (Depths:1)
  4 fauns
  36 elephants
  13 manticores
  8 water nymphs
  A vault sentinel (Vaults:2)
  16 guardian serpents
  37 black mambas
  9 merfolk sirens
  Maurice (Orc:2)
  A frost giant skeleton (Depths:1)
  7 torpor snails
  13 cane toads
  A gargoyle (D:12)
  An orange demon (D:11)
  6 rime drakes
  14 naga magi
  A spectral merfolk (Shoals:4)
  11 komodo dragons
  An unseen horror (D:10)
  12 yaktaurs
  A tengu conjurer (D:13)
  25 merfolk
  A spectral harpy (Shoals:4)
  4 wind drakes
  3 meliai (D:14)
  3 polar bears
  6 trolls
  12 hornets
  3 tyrant leeches (Lair:6)
  9 snapping turtles
  23 slime creatures
  A dream sheep (shapeshifter) (Elf:1)
  10 blink frogs
  7 dream sheep
  A raiju (Snake:3)
  4 air elementals
  A jumping spider (shapeshifter) (D:14)
  4 spectral wind drakes (Shoals:4)
  17 water elementals
  A vampire (D:10)
  4 wraiths
  71 yaks
  16 wyverns
  3 fire elementals
  9 vampire mosquitoes
  3 basilisks
  2 golden eyes (shapeshifter)
  A human (D:13)
  7 steam dragons
  5 redbacks (Lair:6)
  5 wargs
  An acid dragon (D:13)
  35 nagas
  23 water moccasins
  2 ice beasts
  2 sky beasts
  27 orc warriors
  A hornet zombie (Ossuary)
  An ice beast (shapeshifter) (D:13)
  4 black bears
  7 ogres
  A boggart (Lair:3)
  9 centaurs
  3 wolves (Lair:1)
  4 kobold brigands
  12 bullfrogs
  A scorpion (D:7)
  2 earth elementals
  4 wights
  7 howler monkeys
  2 vampire bats (D:7)
  4 electric eels
  2 centaur zombies (Ossuary)
  2 gnoll shamans
  20 orc priests
  8 hounds
  2 jellies
  An iguana (D:5)
  31 orc wizards
  22 hell rats
  2 killer bee zombies (Ossuary)
  11 mummies
  Robin (D:3)
  19 gnolls
  A river rat (Sewer)
  11 adders
  A shadow imp (D:5)
  3 worms
  3 dart slugs
  102 orcs
  15 ball pythons
  4 endoplasms
  6 giant cockroaches
  16 goblins
  12 hobgoblins
  4 jackals (D:5)
  19 kobolds
  8 quokkas
  10 bats
  11 frilled lizards
  A hobgoblin zombie (D:5)
  An orc zombie (D:5)
  10 rats
  8 tentacles
1446 creatures vanquished.

Vanquished Creatures (others)
  An ogre mage (D:13)
  4 deep elf knights
  A deep elf pyromancer (Elf:2)
  A black mamba (Snake:4)
  6 bushes
  97 fungi
  376 plants
  22 tentacles
  4 toadstools (Depths:1)
  17 withered plants
529 creatures vanquished.

Grand Total: 1975 creatures vanquished

Notes
Turn   | Place    | Note
-------+----------+-------------------------------------------
     0 | D:1      | enile the Tengu Wanderer began the quest for the Orb.
     0 | D:1      | enile set off with the following items: a +3 spear, a +0
                  | cloak, a scroll of blinking, a +0 leather armour
     0 | D:1      | Reached XP level 1. HP: 14/14 MP: 3/3
   184 | D:1      | Got the Volume of Torrid Earth
   202 | D:1      | Reached XP level 2. HP: 19/19 MP: 4/4
   491 | D:1      | Found a faded altar of an unknown god.
   498 | D:1      | Reached XP level 3. HP: 23/23 MP: 5/5
   501 | D:1      | Prayed at the altar of an unknown god.
   501 | D:1      | Became a worshipper of the Wu Jian Council
   501 | D:1      | Reached * piety under Wu Jian
   946 | D:2      | Reached XP level 4. HP: 28/28 MP: 6/6
  1750 | D:3      | Reached ** piety under Wu Jian
  1797 | D:2      | Gained mutation: Your magical nature lets you fly swiftly
                  | and evasively. [Tengu growth]
  1797 | D:2      | Reached XP level 5. HP: 32/32 MP: 7/7
  2485 | D:3      | Noticed Robin
  2714 | D:3      | Reached skill level 4 in Fighting
  2877 | D:3      | Reached XP level 6. HP: 37/38 MP: 8/8
  2999 | D:3      | Killed Robin
  3989 | D:4      | Noticed a water moccasin
  3995 | D:4      | Killed a water moccasin
  3996 | D:4      | Reached skill level 5 in Dodging
  3996 | D:4      | Reached XP level 7. HP: 41/44 MP: 9/9
  4047 | D:4      | Reached skill level 5 in Fighting
  4234 | D:4      | Reached skill level 1 in Long Blades
  4303 | D:4      | Noticed Ijyb
  4525 | D:4      | Reached *** piety under Wu Jian
  4598 | D:5      | Entered Level 5 of the Dungeon
  4598 | D:5      | Found a staircase to the Ecumenical Temple.
  4942 | D:5      | Found a sand-covered staircase.
  4949 | Ossuary  | Entered an ossuary
  4970 | Ossuary  | Reached XP level 8. HP: 33/49 MP: 10/10
  4999 | Ossuary  | Reached skill level 5 in Stealth
  5178 | Ossuary  | Reached skill level 1 in Armour
  5573 | D:6      | Found a glowing drain.
  5593 | Sewer    | Entered a sewer
  6289 | D:6      | Reached **** piety under Wu Jian
  6290 | D:6      | Reached skill level 6 in Fighting
  6290 | D:6      | Reached skill level 1 in Evocations
  6718 | D:6      | Noticed a wraith
  7341 | D:5      | Reached XP level 9. HP: 48/55 MP: 11/11
  8009 | D:5      | Reached skill level 5 in Long Blades
  8451 | D:7      | Noticed a hornet
  8460 | D:7      | Paralysed by a hornet for 2 turns
  8466 | D:6      | Killed a hornet
  8467 | D:6      | Reached skill level 7 in Fighting
  9097 | D:7      | Found a shimmering blue altar of Sif Muna.
  9171 | D:7      | Found a broken altar of Ashenzari.
  9189 | D:7      | Reached skill level 5 in Evocations
  9581 | D:7      | Found an opulent altar of Gozag.
  9939 | D:7      | Reached skill level 8 in Fighting
 10788 | D:8      | Found a staircase to the Lair.
 10799 | D:7      | Reached XP level 10. HP: 57/64 MP: 12/12
 11340 | Lair:1   | Entered Level 1 of the Lair of Beasts
 11619 | Lair:1   | Noticed a cane toad
 11631 | Lair:1   | Killed a cane toad
 13141 | D:8      | Reached ***** piety under Wu Jian
 13247 | D:8      | Reached skill level 5 in Armour
 13248 | D:8      | You are sucked into a shaft and drop 2 floors!
 13248 | D:10     | Entered Level 10 of the Dungeon
 13248 | D:10     | Noticed a white ugly thing
 13256 | D:10     | Found a staircase to the Orcish Mines.
 13263 | Orc:1    | Entered Level 1 of the Orcish Mines
 13263 | Orc:1    | Noticed an orc sorcerer
 13615 | D:9      | Noticed a two-headed ogre
 14355 | D:9      | Reached skill level 1 in Shields
 14363 | D:9      | Reached XP level 11. HP: 58/68 MP: 13/13
 14827 | D:8      | Found Cisedyto's Book Shoppe.
 15176 | D:8      | Found a snail-covered altar of Cheibriados.
 16150 | Lair:1   | Reached skill level 9 in Fighting
 16768 | Lair:1   | Reached skill level 10 in Fighting
 17842 | Lair:2   | Reached XP level 12. HP: 70/77 MP: 14/14
 18458 | Lair:2   | Identified the +3 war axe "Hoisual" {venom, rPois Will+++
                  | Str+3 Dex-2}
 18601 | Lair:2   | Reached skill level 5 in Shields
 18677 | Lair:2   | Reached skill level 1 in Axes
 18711 | Lair:2   | Found a staircase to the Shoals.
 19320 | Lair:2   | Reached skill level 5 in Axes
 19430 | Lair:3   | Found a staircase to the Snake Pit.
 19640 | Lair:3   | Noticed a five-headed hydra
 19675 | Lair:3   | Noticed a seven-headed hydra
 20020 | Lair:4   | Noticed an eight-headed hydra
 20023 | Lair:4   | Noticed a four-headed hydra
 20224 | Lair:3   | Killed a seven-headed hydra
 20369 | Lair:4   | Reached skill level 11 in Fighting
 20380 | Lair:4   | Reached XP level 13. HP: 64/84 MP: 15/15
 20984 | Lair:3   | Identified the +6 hand axe of Walexuph {freeze, rN+ Stlth+}
 20991 | Lair:3   | Found a runed translucent door.
 20993 | Lair:3   | Noticed Asuyte's ghost (journeyman VSVM)
 20994 | Lair:3   | Identified the +12 spear of Quantum Leap {freeze, Str+4}
 21128 | Lair:3   | You are sucked into a shaft and drop 2 floors!
 21435 | Lair:6   | Entered Level 6 of the Lair of Beasts
 21439 | Lair:6   | Identified the +2 pair of boots of Integrity {Drain rC-
                  | Dex+7 Stlth+}
 21780 | Lair:6   | Reached skill level 10 in Dodging
 22315 | Lair:6   | Gained mutation: You possess an exceptional clarity of
                  | mind. [potion of mutation]
 22315 | Lair:6   | Gained mutation: Your body sometimes deteriorates upon
                  | taking damage. [potion of mutation]
 22315 | Lair:6   | Gained mutation: You are resistant to electric shocks.
                  | (rElec) [potion of mutation]
 22335 | Lair:6   | HP: 3/84 [elephant (10)]
 22555 | Lair:3   | Lost mutation: Your body sometimes deteriorates upon taking
                  | damage. [potion of mutation]
 22555 | Lair:3   | Lost mutation: You possess an exceptional clarity of mind.
                  | [potion of mutation]
 22555 | Lair:3   | Gained mutation: You have hidden genetic potential. [potion
                  | of mutation]
 22555 | Lair:3   | Gained mutation: You have a pair of small antennae on your
                  | head. [potion of mutation]
 22555 | Lair:3   | Gained mutation: You occasionally shout uncontrollably at
                  | your foes. [potion of mutation]
 24136 | D:10     | Noticed Erolcha
 24151 | D:10     | Killed Erolcha
 24253 | D:10     | Found Sierusarch's Book Emporium.
 24893 | D:11     | Noticed Lodul
 25438 | D:10     | Reached skill level 12 in Fighting
 25846 | Orc:1    | Reached XP level 14. HP: 92/92 MP: 16/16
 26299 | Orc:2    | Entered Level 2 of the Orcish Mines
 26385 | Orc:2    | Noticed Maurice
 26393 | Orc:2    | Killed Maurice
 26428 | Orc:2    | Found a shimmering altar of Xom.
 26500 | Orc:2    | Noticed an orc warlord
 26542 | Orc:2    | Reached skill level 10 in Armour
 26909 | Orc:2    | Found a staircase to the Elven Halls.
 27938 | Orc:2    | Found Vypet's Jewellery Emporium.
 27942 | Orc:2    | Found Urhiul's Antique Armour Emporium.
 27943 | Orc:2    | Killed an orc warlord
 28052 | Orc:2    | Found Geduerch's Antique Weapon Emporium.
 28060 | Orc:2    | Bought a crystal rapier for 234 gold pieces
 28060 | Orc:2    | Identified the +6 rapier of Beogh, Scorching {antimagic,
                  | Str+5} (You bought it in a shop on level 2 of the Orcish
                  | Mines)
 28060 | Orc:2    | Bought a runed long sword for 169 gold pieces
 28428 | Orc:2    | Found Soih's General Store.
 28557 | Orc:2    | Bought an amulet of the acrobat for 480 gold pieces
 29313 | Lair:5   | Gained mutation: You are robust. (+10% HP) [hidden
                  | potential]
 29566 | Lair:3   | Reached skill level 10 in Axes
 31694 | Lair:5   | Reached skill level 13 in Fighting
 32324 | Lair:5   | Reached XP level 15. HP: 47/107 MP: 17/17
 33423 | Lair:6   | Found a staircase to the Slime Pits.
 33814 | Lair:6   | Gained mutation: You are strong-willed. (Will+) [hidden
                  | potential]
 33814 | Lair:6   | Lost mutation: You have hidden genetic potential. [hidden
                  | potential expressed]
 33818 | Lair:6   | Reached skill level 10 in Evocations
 33926 | Lair:6   | Found a runed translucent door.
 35472 | D:11     | Reached skill level 1 in Unarmed Combat
 35731 | D:11     | Noticed Amaemon
 35755 | D:11     | Killed Amaemon
 37630 | D:13     | Noticed Jorgrun
 37647 | D:13     | Killed Jorgrun
 37648 | D:13     | Reached skill level 14 in Fighting
 38453 | D:11     | Reached XP level 16. HP: 116/116 MP: 18/18
 38462 | D:11     | Killed Lodul
 39284 | D:13     | Noticed Rupert
 39461 | D:13     | Killed Rupert
 39961 | Snake:1  | Entered Level 1 of the Snake Pit
 40030 | Snake:1  | Noticed Aizul
 40049 | Snake:1  | Killed Aizul
 41015 | Elf:1    | Entered Level 1 of the Elven Halls
 41092 | Elf:1    | Reached skill level 15 in Fighting
 41535 | Orc:2    | Bought a transparent hand crossbow for 221 gold pieces
 41535 | Orc:2    | Identified the +8 hand crossbow "Ruqenlo" {freeze, rF+}
                  | (You bought it in a shop on level 2 of the Orcish Mines)
 42345 | D:13     | Found a portal to a secret trove of treasure.
 42780 | D:13     | Found a gate to the Vaults.
 44154 | D:15     | Entered Level 15 of the Dungeon
 45333 | Lair:3   | Killed Asuyte's ghost
 46524 | Orc:2    | Bought a runed crystal plate armour for 1992 gold pieces
 47718 | Shoals:1 | Entered Level 1 of the Shoals
 48341 | D:15     | Found a sacrificial altar of Ru.
 48385 | D:15     | Reached XP level 17. HP: 62/125 MP: 19/19
 48761 | D:15     | Found a staircase to the Depths.
 49031 | Depths:1 | Entered Level 1 of the Depths
 49065 | Depths:1 | Noticed a sphinx
 49403 | Temple   | Entered the Ecumenical Temple
 50430 | Snake:1  | Found a transporter.
 50437 | Snake:1  | Noticed Pairof's ghost (adept MiFi)
 50443 | Snake:1  | Found a transporter.
 50448 | Snake:1  | Identified the +10 arbalest of the Flying Lamprey {speed,
                  | Will- Int+6}
 50625 | Snake:1  | Found a bloodstained altar of Trog.
 50669 | Snake:1  | Noticed Frances
 51709 | Snake:2  | Identified the amulet "Xiefric" {Acrobat Int+6 Dex-4}
 52102 | Snake:2  | Reached skill level 10 in Shields
 52906 | Snake:3  | Found Ogued's Antique Armour Shop.
 52913 | Snake:3  | Bought a pitted chain mail for 332 gold pieces
 52913 | Snake:3  | Identified the +1 chain mail of the Dice {Slay+3} (You
                  | bought it in a shop on level 3 of the Snake Pit)
 53177 | Snake:3  | Found Mibiostro's General Store.
 53894 | Snake:3  | Found a runed translucent door.
 54216 | Snake:2  | Found Qeom's Book Shop.
 54216 | Snake:2  | Found Egoodweh's Jewellery Shoppe.
 54217 | Snake:2  | Found Ochalouh's Jewellery Shoppe.
 54649 | Snake:3  | Found Vyosuocs's Antique Weapon Shoppe.
 54651 | Snake:3  | Found Taratut's Jewellery Emporium.
 54654 | Snake:3  | Found Fausi's General Store.
 55190 | Snake:3  | Found Riuxygoklu's Antique Armour Emporium.
 57265 | Snake:3  | Found Beliapid's General Store.
 57294 | Snake:3  | Noticed Zonian's ghost (adept DsIE)
 57679 | Snake:4  | Entered Level 4 of the Snake Pit
 58593 | Snake:4  | Noticed Donald
 58620 | Snake:3  | Killed Donald
 59321 | Snake:3  | Reached XP level 18. HP: 55/132 MP: 20/20
 61150 | Snake:4  | Got a serpentine rune of Zot
 62078 | Elf:1    | Found Qoghedom's Armour Shoppe.
 62229 | Elf:1    | Got Vehumet's Disquisition on Combat Magic
 62729 | Elf:2    | Reached skill level 15 in Armour
 62853 | Elf:2    | Reached skill level 16 in Fighting
 65724 | Vaults:1 | Entered Level 1 of the Vaults
 66366 | Vaults:1 | Reached skill level 17 in Fighting
 66621 | Vaults:1 | Reached XP level 19. HP: 122/140 MP: 21/21
 68962 | Depths:1 | Noticed a walking crystal tome
 69010 | D:15     | HP: 3/140 [deep troll (10)]
 69999 | Snake:3  | Bought a scroll of acquirement for 572 gold pieces
 69999 | Snake:3  | Acquired the +2 kite shield "Bietox" {rN+ Dex+8 SInv}
 71893 | Shoals:2 | Noticed Ilsuiw
 71950 | Shoals:2 | Killed Ilsuiw
 73437 | D:13     | You paid a toll of a +5 demon trident to enter a treasure
                  | trove
 73438 | Trove    | Entered a treasure trove
 73461 | Trove    | Identified the ring "Xisk" {rN++ Str+6 Int+4}
 73466 | Trove    | Identified the ring of the Death Scarab {Contam rElec rC+++
                  | MP+9}
 73469 | Trove    | Identified the +8 scimitar of Rupri Tis {freeze, rPois rC+
                  | Dex+3}
 73475 | Trove    | Got the Handbook of Bewitching Sinister Rituals
 73506 | Trove    | Identified the ring of Jurues Efin {*Slow rElec rPois rF++}
 73514 | Trove    | Identified the ring of the Leaf {rElec rC+ Slay+4}
 73524 | Trove    | Identified the ring "Xugo" {Contam rN+ Str+2 Dex+2 Slay+3}
 74250 | Elf:2    | Paralysed by an air elemental for 1 turns
 74285 | Elf:3    | Entered Level 3 of the Elven Halls
 74816 | Elf:2    | Found a runed translucent gate.
 74817 | Elf:2    | Found a runed translucent gate.
 74817 | Elf:2    | Found a runed translucent gate.
 75038 | Elf:2    | Reached skill level 18 in Fighting
 75541 | Elf:1    | Reached XP level 20. HP: 122/149 MP: 22/22
 75631 | Elf:1    | Reached ****** piety under Wu Jian
 76430 | Shoals:3 | Found a runed translucent gate.
 76430 | Shoals:3 | Found a runed translucent gate.
 76430 | Shoals:3 | Found a runed translucent gate.
 76430 | Shoals:3 | Noticed Gal Jyir's ghost (veteran DjCj)
 76431 | Shoals:3 | Noticed dolemite99's ghost (adept HOFi)
 76431 | Shoals:3 | Noticed enile's ghost (adept MfIE)
 77332 | Shoals:4 | Entered Level 4 of the Shoals
 77337 | Shoals:4 | Found a large runed translucent door.
 77400 | Shoals:4 | Found a large runed translucent door.
 77497 | Shoals:4 | Noticed GraveyardiganJr's ghost (adept TrCK)
 78126 | Shoals:4 | Reached skill level 10 in Long Blades
 78154 | Shoals:4 | Got a barnacled rune of Zot
 79128 | Shoals:4 | Got the Almanac of the Earth
 81776 | Elf:2    | Reached skill level 19 in Fighting
 82841 | Elf:3    | Identified the +8 chain mail "Halavor" {Str+2}
 83075 | Elf:3    | Reached XP level 21. HP: 153/158 MP: 23/23
 83077 | Elf:3    | Identified the ring "Gaguiguq" {*Corrode Int+6 Slay+2
                  | Stlth+}
 83261 | Elf:3    | Identified the +4 scythe of the Eel {venom, rElec rC++
                  | Str-3}
 83393 | Elf:3    | Identified the +0 plate armour "Isifrino" {rF+}
 83393 | Elf:3    | Identified the ring "Wimaoss" {AC+4 Str+4}
 83519 | Elf:3    | Identified the ring of Solal {*Slow rN+ Dex+4 Stlth+}
 83525 | Elf:3    | Gained mutation: You are agile. (Dex +2) [a cacodemon]
 83797 | Elf:3    | Noticed Asterion
 83809 | Elf:3    | Killed Asterion
 84238 | Elf:3    | Identified the +7 shortbow "Beastbane" {flame, rElec Dex+2}
 84254 | Elf:3    | Identified the +9 shortbow of the Hall of Blades {flame,
                  | rN+++ Str-2 Dex+5}
 85249 | Vaults:1 | Noticed Saint Roka
 85743 | Vaults:2 | Reached skill level 15 in Shields
 85868 | Vaults:2 | Noticed Zenata
 85901 | Vaults:2 | Slain by a +4 glaive of holy wrath

Illustrated notes

Levels and vault maps discovered:
D:1:      kilobyte_arrival_exit_the_forest, layout_rooms,
          nicolae_ecumenical_snake_handling, amcnicky_mini_pool_small,
          nrook_mini_vaults
D:2:      layout_rooms
D:3:      layout_basic, dk_noncrumbling_3, uniq_robin
D:4:      layout_rooms, kennysheep_generic_room_14, uniq_ijyb
D:5:      layout_basic, minmay_temple_entry_statues, nicolae_ossuary_entry_giza,
          dreamdust_princess_bridge, wad_floor_pattern_untrapped,
          minmay_misc_feat_five, kennysheep_generic_room_13
D:6:      nicolae_whirlpool, layout_cave_pools, gup_sewer_entry_bubbles
D:7:      corexii_shack_village, layout_gridville, kennysheep_little_box,
          mainiacjoe_overflow_alcove_2, mainiacjoe_overflow_boulevard,
          roderic_batcave
D:8:      layout_basic, mainiacjoe_overflow_cross_hatched,
          erik_lair_orcish_takeover, serial_shops, shop
D:9:      layout_grid_maze
D:10:     layout_small_grid, david_orc_3, serial_shops, nicolae_shop_stone,
          uniq_erolcha
D:11:     layout_irregular_city, minmay_lindwurm_lava, uniq_lodul, uniq_amaemon
D:12:     layout_cave_pods
D:13:     layout_basic, grunt_vaults_entry_fortified, enter_trove_3,
          uniq_jorgrun, uniq_rupert
D:14:     layout_irregular_city, minmay_misc_feat_four_crosses
D:15:     hangedman_depths_entry_try_elsewhere_first, layout_basic,
          nicolae_ru_sacrificial_ziggurat, serial_glass, glass_columns_a,
          glass_columns_a
Temple:   dpeg_five_rooms_temple
Lair:1:   layout_roguey, lemuel_fruit_fields
Lair:2:   layout_roguey, elwin_shoals_entry_stream, grunt_megastairs_2,
          serial_bayou_shore_b
Lair:3:   layout_misc_corridors, guppyfry_snake_entry_garden,
          ebering_ghost_funeral_grove
Lair:4:   layout_small_grid
Lair:5:   layout_regular_city, nicolae_lair_grazing_beasts
          [nicolae_sub_lair_graze_edge, nicolae_sub_lair_graze_edge,
          nicolae_sub_lair_graze_edge, nicolae_sub_lair_graze_edge]
Lair:6:   hangedman_lair_tendril_chambers, layout_regular_city, wormcave,
          minmay_slime_entry_oklob_open
Shoals:1: layout_shoals, centaur_isle
Shoals:2: layout_shoals, uniq_ilsuiw
Shoals:3: layout_shoals, gammafunk_ghost_cemetery, nicolae_shoals_drake_roost
Shoals:4: shoals_end_simple, layout_shoals, ebering_ghost_disaster_area,
          nicolae_shoals_spectral_cove
Snake:1:  nicolae_snake_unarmed_stairs_patrol, layout_basic,
          gammafunk_ghost_wrathful_warriors, uniq_aizul, uniq_frances
Snake:2:  layout_gridlike, serial_bayou_shore_a, grunt_megastairs_3,
          minmay_shop_grove
Snake:3:  layout_chambers, serial_shops, shop, nicolae_shop_advertising_works
          [nicolae_subvault_shop_adworks], shop, shop,
          ebering_ghost_inner_flame, st_stairs_2, beargit_elvish_explorers,
          minmay_shop_star
Snake:4:  snake_pit_salamanders_mu, layout_cave_shapes, uniq_donald
Orc:1:    layout_caves
Orc:2:    grunt_orc_cross, layout_caves, basic_altar, minmay_orc_barracks,
          uniq_maurice
Elf:1:    elf_arrival_001, layout_rooms, serial_shops, shop,
          minmay_elf_annihilation, grunt_megastairs_4
Elf:2:    nicolae_elf_blades_crystal_corner, layout_gridlike
Elf:3:    minmay_elf_hall_curves, layout_gridlike, nicolae_elf_stair_hall,
          minivault_11, uniq_asterion
Vaults:1: ontoclasm_vaults_chip, ontoclasm_vaults_chip, grunt_vaults_diagonal,
          dpeg_vaults_monster_row, vaults_mumra_minichess, vaults_room_corners,
          vaults_room_guarded_vault, grunt_vaults_hallway_short,
          layout_vaults_omnigrid, uniq_saint_roka
Vaults:2: gammafunk_ghost_door_vault, nicolae_vaults_network_square,
          vaults_room_stairs_pillars, vaults_dpeg_hooks, grunt_vaults_funnel,
          hangedman_vaults_nodes, hangedman_vaults_river_flow, vaults_room_grid,
          minmay_crypt_entry_nasty_monster, vaults_dpeg_spiral,
          nicolae_vaults_yaktaur_gun_rack, ontoclasm_vaults_pinch,
          layout_vaults_ring, uniq_zenata
Depths:1: layout_gridlike, serial_bayou, serial_bayou_shore_b,
          serial_bayou_lagoon_a, serial_bayou_crossing, serial_bayou_pond_b,
          serial_bayou_ford_a, pf_dread_powers_of_hell,
          nicolae_tso_swordbearing_angel, minmay_gold_behind_fungi,
          kennysheep_pointless_box, onia_ninara_cookie

Skill      XL: |  1  2  3  4  5  6  7  8  9 10 11 12 13 14 15 16 17 18 19 20 21 |
---------------+----------------------------------------------------------------+-----
Dodging        | 2 3 4 5 6 7 9 11 12 13 | 13.0
Stealth        | 3 4 5 6 7 8 |  8.0
Fighting       | 4 5 6 8 10 11 12 13 14 15 17 18 19 | 19.0
Throwing       | 2 3 |  3.0
Long Blades    | 4 5 7 8 9 12 14 | 14.0
Armour         | 2 5 7 8 10 12 15 16 | 16.0
Evocations     | 4 5 7 8 10 11 12 14 | 14.0
Shields        | 2 4 5 6 7 8 12 13 14 15 | 15.7
Axes           | 7 8 10 12 13 14 | 14.7
Unarmed Combat | 1 |  1.0
Polearms       | |  3.4
Spellcasting   | |  1.0

Action                   |  1- 3 |  4- 6 |  7- 9 | 10-12 | 13-15 | 16-18 | 19-21 || total
-------------------------+-------+-------+-------+-------+-------+-------+-------++-------
Melee: Spear             |    79 |   145 |    11 |       |       |       |       ||   235
       Kick              |     9 |    30 |   146 |   234 |   546 |   661 |   636 ||  2262
       Peck              |     9 |    14 |    86 |   132 |   359 |   417 |   424 ||  1441
       Punch             |     1 |     3 |     5 |     2 |       |       |       ||    11
       Falchion          |       |       |   432 |   391 |       |       |       ||   823
       War axe           |       |       |       |   130 |  1202 |  1363 |   578 ||  3273
       Scimitar          |       |       |       |       |       |       |   706 ||   706
 Fire: Shortbow          |       |       |     8 |       |       |       |       ||     8
Throw: Javelin           |       |     4 |     2 |    10 |       |     8 |       ||    24
       Throwing net      |       |       |       |     2 |     1 |     1 |     3 ||     7
       Dart              |       |       |       |       |    11 |    26 |       ||    37
Invok: Serpent's Lash    |       |       |     9 |     3 |    10 |     8 |     6 ||    36
       Whirlwind         |       |       |    35 |    77 |   342 |   249 |   192 ||   895
       Lunge             |       |       |    24 |    20 |    66 |   122 |   125 ||   357
       Heavenly Storm    |       |       |       |       |     4 |     2 |     2 ||     8
 Abil: Wall Jump         |       |       |    22 |    17 |     5 |     6 |    11 ||    61
Evoke: Wand              |       |       |     1 |     8 |    34 |    33 |     2 ||    78
       Tin of tremorston |       |       |       |       |       |     4 |     6 ||    10
       Lightning rod     |       |       |       |       |       |       |     4 ||     4
       Condenser vane    |       |       |       |       |       |       |     2 ||     2
       Box of beasts     |       |       |       |       |       |       |     1 ||     1
  Use: Scroll            |       |     3 |    11 |    11 |    16 |    11 |    13 ||    65
       Potion            |       |     2 |     5 |     6 |     9 |     6 |     9 ||    37
 Stab: Sleeping          |     4 |     5 |    18 |     1 |       |       |       ||    28
       Distracted        |       |       |     5 |       |     1 |     2 |       ||     8
       Paralysed         |       |       |       |     1 |     3 |     2 |       ||     6
       Held in net/web   |       |       |       |     2 |       |       |       ||     2
       Fleeing           |       |       |       |       |       |     1 |       ||     1
Armor: Leather armour    |    13 |    22 |    85 |    11 |       |       |       ||   131
       Skin              |       |       |       |    37 |       |       |     2 ||    39
       Chain mail        |       |       |       |   173 |   351 |    97 |       ||   621
       Crystal plate arm |       |       |       |       |       |   393 |   430 ||   823
Dodge: Dodged            |    28 |    89 |   490 |   344 |   938 |   773 |   497 ||  3159
Block: Buckler           |       |       |       |   155 |   366 |   156 |       ||   677
       Kite shield       |       |       |       |       |       |   515 |  1045 ||  1560
       Tower shield      |       |       |       |       |       |   186 |       ||   186
       Reflection        |       |       |       |       |       |   115 |     5 ||   120

Table legend: (Time is in decaauts)
 A = Elapsed time spent in this place.
 B = Non-inter-level travel time spent in this place.
 C = Inter-level travel time spent in this place.
 D = Time resting spent in this place.
 E = Time spent auto-exploring this place.
 F = Levels seen in this place.
 G = Mean time per level.
                   A        B        C        D        E       F      G
               +--------+--------+--------+--------+--------+-----+--------+
         Total |  82840 |  76518 |   6322 |  29669 |  33731 |  41 | 2020.5 |
       Dungeon |  29177 |  25957 |   3220 |   9709 |  12285 |  15 | 1945.1 |
        Temple |    240 |    196 |     44 |      0 |    185 |   1 |  240.0 |
          Lair |  17953 |  16595 |   1358 |   7217 |   6421 |   6 | 2992.2 |
        Shoals |   6552 |   6189 |    363 |   1283 |   3899 |   4 | 1638.0 |
     Snake Pit |  12010 |  11542 |    468 |   5590 |   4371 |   4 | 3002.5 |
  Orcish Mines |   4384 |   4011 |    373 |   1771 |   1585 |   2 | 2192.0 |
   Elven Halls |   8184 |   7734 |    450 |   3005 |   3261 |   3 | 2728.0 |
        Vaults |   2019 |   2019 |      0 |    739 |    653 |   2 | 1009.5 |
        Depths |   1496 |   1454 |     42 |    224 |    761 |   1 | 1496.0 |
         Trove |    195 |    195 |      0 |      0 |    110 |   1 |  195.0 |
         Sewer |    355 |    355 |      0 |      0 |    196 |   1 |  355.0 |
       Ossuary |    269 |    269 |      0 |    125 |      0 |   1 |  269.0 |
               +--------+--------+--------+--------+--------+-----+--------+

Top non-repeatable levels by time:
 Snake:2: 4459 daAuts
 Snake:3: 4185 daAuts
  Lair:2: 3907 daAuts
    D:13: 3818 daAuts
  Lair:1: 3815 daAuts
    D:15: 3669 daAuts
   Elf:1: 3295 daAuts
  Lair:6: 3157 daAuts
  Lair:3: 3092 daAuts
     D:7: 2930 daAuts
   Orc:2: 2778 daAuts
    D:12: 2769 daAuts
  Lair:5: 2597 daAuts
   Elf:2: 2558 daAuts
   Elf:3: 2330 daAuts
